 Dungeon Crawl Stone Soup version 0.22.0-38-g04b72b8 (webtiles) character file.

130 Lavandula the Chopper (level 4, -2/38 HPs)
             Began as a Centaur Berserker on Aug 28, 2018.
             Was a Believer of Trog.
             Slain by a hobgoblin
             ... wielding a +0 club
              (7 damage)
             ... on level 3 of the Dungeon.
             The game lasted 00:03:41 (863 turns).

Lavandula the Chopper (Centaur Berserker)            Turns: 863, Time: 00:03:42

Health: -2/38      AC:  5    Str: 21    XL:     4   Next: 89%
Magic:  4/4        EV:  9    Int:  6    God:    Trog [**....]
Gold:   82         SH:  0    Dex:  8    Spells: 3/3 levels left

rFire    . . .     SeeInvis .   a - +0 hand axe
rCold    . . .     Gourm    .   (no shield)
rNeg     . . .     Faith    .   b - +0 animal skin
rPois    .         Spirit   .   j - +0 helmet
rElec    .         Reflect  .   (no cloak)
rCorr    +         Harm     .   (no gloves)
MR       .....                  (no barding)
Stlth    +.........             (no amulet)
HPRegen  0.12/turn              p - ring of resist corrosion
MPRegen  0.09/turn              (no ring)

@: berserk cooldown, slowed
A: large, hooves 3, deformed body, speed 2, tough skin 3
a: Berserk, Trog's Hand, Renounce Religion


You were on level 3 of the Dungeon.
You worshipped Trog.
Trog was pleased with you.
You were not hungry.

You visited 1 branch of the dungeon, and saw 3 of its levels.

You collected 82 gold pieces.

Inventory:

Hand Weapons
 a - a +0 hand axe (weapon)
Missiles
 d - 26 stones (quivered)
 h - 4 javelins
Armour
 b - a +0 animal skin (worn)
 j - a +0 helmet (worn)
Jewellery
 p - a ring of resist corrosion (left hand)
Scrolls
 f - 2 scrolls of magic mapping {unknown}
 i - 2 scrolls of teleportation {unknown}
 l - a scroll of amnesia {unknown}
 n - a scroll of identify {unknown}
 o - a scroll of enchant weapon {unknown}
Potions
 e - a potion of brilliance {unknown}
 g - 2 potions of ambrosia {unknown}
 k - a potion of invisibility {unknown}
 m - 2 potions of agility {unknown}
Comestibles
 c - 4 rations
 q - a chunk of flesh


   Skills:
 - Level 3.0 Fighting
 + Level 5.1 Axes
 - Level 1.3 Armour
 - Level 1.3 Dodging


You had 3 spell levels left.
You didn't know any spells.
Your spell library was empty.

Dungeon Overview and Level Annotations

Branches:
Dungeon (3/15)

Altars:
Ashenzari


Innate Abilities, Weirdness & Mutations

You have hooves in place of feet.
Armour fits poorly on your strangely shaped body.
You cover ground very quickly.
You have extremely tough skin. (AC +3)


Message History

You feel yourself slow down.
q - a chunk of flesh
Things that are here:
a trident; a chain mail; an orc skeleton
Things that are here:
a short sword; a kobold corpse Put on which piece of jewellery? (? for menu, Esc to quit)
p - a ring of resist corrosion (left hand)
Okay, then.
A hobgoblin is nearby!
A hobgoblin is nearby!
You barely miss the hobgoblin.
You kick the hobgoblin, but do no damage.
The hobgoblin hits you with a club!
* * * LOW HITPOINT WARNING * * *
You closely miss the hobgoblin. You kick the hobgoblin.
The hobgoblin is heavily wounded.
The hobgoblin hits you but does no damage.
The hobgoblin hits you with a club!
You die...

# ... # #.#
#.# # #.# #
#.#.# #
#.#.### ..
#.....# .##
#@#.# #
#g#.# #
#.#.# #.#.#
#.#.#
###)#.#####
#.†)).....#
#.#######..#
#.#


You could see a hobgoblin.

Vanquished Creatures
  Robin (D:3)
  3 gnolls (D:3)
  5 adders
  2 leopard geckos (D:2)
  2 orcs (D:3)
  3 giant cockroaches
  9 goblins
  6 hobgoblins
  3 kobolds
  2 bats (D:1)
  4 frilled lizards
  3 rats
43 creatures vanquished.

Notes
Turn   | Place    | Note
-------+----------+-------------------------------------------
     0 | D:1      | Lavandula the Centaur Berserker began the quest for the Orb.
     0 | D:1      | Reached XP level 1. HP: 19/19 MP: 1/1
    54 | D:1      | Reached skill level 3 in Axes
   390 | D:3      | Noticed Robin
   392 | D:3      | Reached XP level 2. HP: 26/26 MP: 2/2
   398 | D:3      | Reached skill level 4 in Axes
   398 | D:3      | Reached XP level 3. HP: 31/31 MP: 3/3
   400 | D:3      | Killed Robin
   425 | D:2      | Found a shattered altar of Ashenzari.
   546 | D:2      | Reached ** piety under Trog
   581 | D:2      | Reached XP level 4. HP: 32/38 MP: 4/4
   720 | D:3      | Reached skill level 5 in Axes
   863 | D:3      | Slain by a hobgoblin

Skill      XL: |  1  2  3  4 |
---------------+-------------+-----
Axes           | 3 4 5 |  5.1
Fighting       | |  3.0
Armour         | |  1.3
Dodging        | |  1.3

Action                   |  1- 3 |  4- 6 || total
-------------------------+-------+-------++-------
Melee: Hand axe          |    48 |    40 ||    88
       Kick              |     8 |     6 ||    14
Invok: Berserk           |     2 |     2 ||     4
  Eat: Ration            |       |     1 ||     1
Armor: Animal skin       |    17 |     9 ||    26
Dodge: Dodged            |    28 |    26 ||    54
